[ AOE2 MATCH · #477565521 ]
Team RMHindustanis vs Poles
[ REPLAY ANALYSIS · EXTRACTED FROM THE RECORDED GAME ]
Feudal
12:45
Castle
26:04
Imperial
—
| APM avg | 22.9 |
| APM peak | 58 |
| eAPM avg | 8.5 |
| Villagers / military | 68 / 23 |
Focus
⚔️ 21.6% · 🌾 78.4%
Scout Cavalry ×17 · Spearman ×4 · Monk ×2
Feudal
12:45
Castle
31:01
Imperial
—
| APM avg | 11.0 |
| APM peak | 26 |
| eAPM avg | 6.6 |
| Villagers / military | 55 / 37 |
Focus
⚔️ 19.6% · 🌾 80.4%
Scout Cavalry ×34 · Spearman ×3
Feudal
9:19
Castle
21:00
Imperial
32:58
| APM avg | 42.3 |
| APM peak | 86 |
| eAPM avg | 19.9 |
| Villagers / military | 118 / 60 |
Focus
⚔️ 23.1% · 🌾 76.9%
Archer ×55 · Trebuchet (Packed) ×3 · Scout Cavalry ×2
Feudal
11:22
Castle
18:56
Imperial
—
| APM avg | 24.0 |
| APM peak | 51 |
| eAPM avg | 13.8 |
| Villagers / military | 89 / 42 |
Focus
⚔️ 11.4% · 🌾 88.6%
Knight ×36 · Spearman ×4 · Scout Cavalry ×2
Feudal
13:38
Castle
21:42
Imperial
36:26
| APM avg | 25.3 |
| APM peak | 55 |
| eAPM avg | 12.8 |
| Villagers / military | 116 / 20 |
Focus
⚔️ 15.1% · 🌾 84.9%
Knight ×20
Feudal
12:31
Castle
23:56
Imperial
—
| APM avg | 24.2 |
| APM peak | 60 |
| eAPM avg | 13.8 |
| Villagers / military | 89 / 37 |
Focus
⚔️ 22.0% · 🌾 78.0%
Spearman ×21 · Skirmisher ×11 · Petard ×4 · Monk ×1
Match map
Initial resources + every placement click. Lines = walls · curves = elevation contours. ◆ gold · ⬟ stone · ● berries · ✦ relic · ◌ wall gap
Your base· Open — 4t gap
Tatsuya's base· ✓ Closed at 31:01 · 53t walls · 2 gate(s)
WarDaddddy's base· ✓ Closed at 21:00 · 3t walls · 4 gate(s)
AdaSan's base· Open — 6t gap
Michael's base· ✓ Closed at 21:42 · 59t walls · 3 gate(s)
Pedro Castillo's base· Open — unwalled flank
Smoothed initial terrain · ◌ = detected wall gap · hover for details
Inputs per minute
— and his daughter - - Tatsuya
Build order — and his daughter
First 150 of 151 actions detected
| 0:06 | Build | House |
| 0:10 | Build | House |
| 0:26 | Create | Villager (Male) |
| 0:27 | Create | Villager (Male) |
| 0:27 | Create | Villager (Male) |
| 1:49 | Create | Villager (Male) |
| 1:49 | Create | Villager (Male) |
| 1:50 | Create | Villager (Male) |
| 2:13 | Create | Villager (Male) |
| 2:13 | Create | Villager (Male) |
| 2:22 | Build | Lumber Camp |
| 2:57 | Create | Villager (Male) |
| 3:37 | Build | House |
| 4:58 | Create | Villager (Male) |
| 4:58 | Create | Villager (Male) |
| 6:11 | Create | Villager (Male) |
| 6:11 | Create | Villager (Male) |
| 7:05 | Create | Villager (Male) |
| 7:05 | Create | Villager (Male) |
| 7:50 | Create | Villager (Male) |
| 7:50 | Create | Villager (Male) |
| 8:49 | Create | Villager (Male) |
| 8:58 | Build | Mill |
| 9:05 | Build | House |
| 9:40 | Create | Villager (Male) |
| 10:35 | Research | Feudal Age |
| 10:47 | Build | Mining Camp |
| 10:55 | Create | Villager (Male) |
| 10:56 | Create | Villager (Male) |
| 10:56 | Create | Villager (Male) |
| 11:51 | Build | Barracks |
| 11:57 | Build | House |
| 11:58 | Build | House |
| 11:59 | Build | House |
| 12:07 | Build | House |
| 12:08 | Build | House |
| 12:38 | Research | Loom |
| 12:43 | Create | Villager (Male) |
| 12:43 | Create | Villager (Male) |
| 12:45 | Age | Feudal Age |
| 12:57 | Build | Stable |
| 13:00 | Create | Villager (Male) |
| 13:00 | Create | Villager (Male) |
| 13:22 | Build | Farm |
| 13:22 | Build | Farm |
| 13:22 | Build | Farm |
| 13:23 | Build | Farm |
| 13:25 | Build | Farm |
| 14:33 | Build | Farm |
| 14:47 | Build | House |
| 14:51 | Create | Scout Cavalry |
| 14:51 | Create | Scout Cavalry |
| 15:24 | Build | Farm |
| 15:46 | Create | Scout Cavalry |
| 15:46 | Create | Scout Cavalry |
| 15:49 | Create | Villager (Male) |
| 15:49 | Create | Villager (Male) |
| 16:01 | Build | Farm |
| 16:36 | Create | Villager (Male) |
| 16:36 | Create | Villager (Male) |
| 17:22 | Build | Farm |
| 17:33 | Build | Farm |
| 17:33 | Build | Farm |
| 17:36 | Build | Farm |
| 17:40 | Research | Double-Bit Axe |
| 17:49 | Create | Villager (Male) |
| 17:49 | Create | Villager (Male) |
| 17:57 | Research | Bloodlines |
| 18:49 | Create | Spearman |
| 19:07 | Build | Farm |
| 19:07 | Build | Farm |
| 19:07 | Build | Farm |
| 19:08 | Build | Farm |
| 19:16 | Research | Wheelbarrow |
| 19:32 | Create | Scout Cavalry |
| 20:24 | Create | Scout Cavalry |
| 20:24 | Create | Scout Cavalry |
| 20:26 | Create | Spearman |
| 20:37 | Build | Blacksmith |
| 20:42 | Research | Horse Collar |
| 20:44 | Create | Villager (Male) |
| 20:45 | Create | Villager (Male) |
| 20:45 | Create | Villager (Male) |
| 21:13 | Build | Farm |
| 21:20 | Build | Farm |
| 21:26 | Research | Scale Barding Armor |
| 21:27 | Research | Forging |
| 21:32 | Create | Scout Cavalry |
| 22:23 | Build | Farm |
| 22:24 | Build | Farm |
| 22:25 | Build | Farm |
| 22:28 | Create | Villager (Male) |
| 22:28 | Create | Villager (Male) |
| 23:20 | Build | Farm |
| 23:24 | Research | Castle Age |
| 23:28 | Create | Scout Cavalry |
| 23:45 | Build | Farm |
| 23:50 | Build | Farm |
| 23:52 | Build | Farm |
| 24:22 | Create | Villager (Male) |
| 24:22 | Create | Villager (Male) |
| 24:27 | Build | Farm |
| 25:42 | Build | Farm |
| 25:43 | Build | Farm |
| 25:48 | Create | Scout Cavalry ×5 |
| 26:04 | Age | Castle Age |
| 26:06 | Build | Mining Camp |
| 26:09 | Research | Light Cavalry (upgrade) |
| 26:14 | Create | Scout Cavalry |
| 26:14 | Create | Scout Cavalry |
| 26:29 | Build | Monastery |
| 26:31 | Create | Villager (Male) |
| 26:31 | Create | Villager (Male) |
| 26:34 | Research | Chain Barding Armor |
| 26:38 | Create | Scout Cavalry |
| 28:45 | Create | Monk |
| 28:47 | Research | Iron Casting |
| 28:53 | Create | Villager (Male) ×5 |
| 28:53 | Create | Villager (Male) ×5 |
| 29:01 | Build | House |
| 29:02 | Build | House |
| 29:03 | Build | House |
| 29:05 | Build | House |
| 29:07 | Build | House |
| 29:34 | Research | Heavy Plow |
| 29:45 | Research | Husbandry |
| 31:05 | Research | Bow Saw |
| 31:09 | Research | Pikeman (upgrade) |
| 31:10 | Create | Spearman |
| 31:10 | Create | Spearman |
| 31:13 | Research | Scale Mail Armor |
| 31:20 | Build | Lumber Camp |
| 31:30 | Create | Villager (Male) |
| 31:30 | Create | Villager (Male) |
| 31:34 | Build | Farm |
| 36:06 | Build | Town Center |
| 36:09 | Build | Monastery |
| 36:31 | Build | Town Center |
| 36:36 | Create | Villager (Male) ×5 |
| 36:36 | Create | Villager (Male) ×5 |
| 36:36 | Create | Villager (Male) ×5 |
| 36:43 | Build | House |
| 36:43 | Build | House |
| 36:44 | Build | House |
| 36:44 | Build | House |
| 36:44 | Build | House |
| 36:45 | Build | House |
| 36:45 | Build | House |
| 36:45 | Build | House |
| 36:49 | Create | Monk |
Build order — Tatsuya
134 actions detected in the replay
| 0:03 | Build | House |
| 0:05 | Build | House |
| 0:17 | Create | Villager (Male) |
| 0:17 | Create | Villager (Male) |
| 0:17 | Create | Villager (Male) |
| 0:17 | Create | Villager (Male) |
| 0:18 | Research | Loom |
| 1:30 | Create | Villager (Male) |
| 1:30 | Create | Villager (Male) |
| 2:14 | Create | Villager (Male) |
| 2:15 | Create | Villager (Male) |
| 2:32 | Create | Villager (Male) |
| 3:00 | Create | Villager (Male) |
| 3:26 | Create | Villager (Male) |
| 4:00 | Create | Villager (Male) |
| 4:24 | Create | Villager (Male) |
| 4:24 | Create | Villager (Male) |
| 4:36 | Build | Mill |
| 4:47 | Build | Mill |
| 5:21 | Build | House |
| 5:23 | Build | House |
| 5:57 | Create | Villager (Male) |
| 6:15 | Build | Lumber Camp |
| 7:19 | Create | Villager (Male) |
| 7:20 | Create | Villager (Male) |
| 7:20 | Create | Villager (Male) |
| 9:34 | Build | Farm |
| 9:34 | Build | Farm |
| 9:35 | Build | Farm |
| 9:35 | Build | Farm |
| 9:35 | Build | Farm |
| 9:36 | Build | Farm |
| 9:37 | Build | Farm |
| 9:38 | Build | Farm |
| 9:49 | Create | Villager (Male) |
| 10:35 | Research | Feudal Age |
| 11:04 | Create | Villager (Male) |
| 11:04 | Create | Villager (Male) |
| 11:11 | Build | Barracks |
| 11:18 | Build | Farm |
| 11:45 | Build | House |
| 11:47 | Build | House |
| 11:58 | Create | Villager (Male) |
| 11:58 | Create | Villager (Male) |
| 12:45 | Age | Feudal Age |
| 12:45 | Create | Spearman |
| 12:45 | Create | Spearman |
| 12:55 | Create | Villager (Male) |
| 12:55 | Create | Villager (Male) |
| 13:10 | Create | Spearman |
| 14:11 | Build | Stable |
| 14:12 | Build | Stable |
| 14:46 | Create | Villager (Male) |
| 14:47 | Create | Villager (Male) |
| 14:47 | Create | Villager (Male) |
| 14:56 | Create | Villager (Male) |
| 14:56 | Create | Villager (Male) |
| 15:34 | Build | Mill |
| 15:40 | Build | Farm |
| 15:44 | Build | Farm |
| 16:21 | Build | Farm |
| 16:22 | Build | Farm |
| 16:24 | Research | Horse Collar |
| 16:34 | Build | Farm |
| 16:37 | Create | Villager (Male) |
| 17:09 | Build | Stone Wall |
| 17:16 | Create | Villager (Male) |
| 17:19 | Build | Mining Camp |
| 17:54 | Create | Villager (Male) |
| 18:10 | Create | Villager (Male) |
| 18:11 | Create | Villager (Male) |
| 18:34 | Build | Mining Camp |
| 18:53 | Create | Villager (Male) |
| 18:53 | Create | Villager (Male) |
| 19:19 | Build | Farm |
| 19:35 | Create | Villager (Male) |
| 19:35 | Create | Villager (Male) |
| 20:28 | Build | Stone Wall |
| 21:15 | Build | Gate |
| 21:23 | Create | Villager (Male) |
| 21:23 | Create | Villager (Male) |
| 21:23 | Create | Villager (Male) |
| 21:24 | Create | Villager (Male) |
| 21:24 | Create | Villager (Male) |
| 21:31 | Build | House |
| 21:32 | Build | House |
| 21:33 | Build | House |
| 22:17 | Create | Villager (Male) |
| 22:44 | Create | Scout Cavalry ×5 |
| 22:45 | Research | Bloodlines |
| 24:51 | Build | Blacksmith |
| 24:52 | Build | Market |
| 25:50 | Build | Lumber Camp |
| 26:43 | Build | Stone Wall |
| 26:50 | Build | Watch Tower |
| 27:25 | Build | Farm |
| 27:33 | Build | House |
| 27:34 | Build | House |
| 27:51 | Build | Watch Tower |
| 28:21 | Research | Castle Age |
| 28:22 | Create | Villager (Male) |
| 28:22 | Create | Villager (Male) |
| 28:23 | Create | Villager (Male) |
| 28:23 | Create | Villager (Male) |
| 28:23 | Create | Villager (Male) |
| 28:51 | Create | Scout Cavalry ×5 |
| 29:33 | Build | Stable |
| 29:35 | Build | Stable |
| 29:36 | Build | Stable |
| 29:51 | Build | Stone Wall |
| 31:01 | Age | Castle Age |
| 31:05 | Research | Light Cavalry (upgrade) |
| 31:35 | Create | Villager (Male) |
| 31:35 | Create | Villager (Male) |
| 31:44 | Build | Farm |
| 32:06 | Research | Husbandry |
| 32:08 | Create | Scout Cavalry ×5 |
| 32:09 | Create | Scout Cavalry ×5 |
| 32:59 | Create | Scout Cavalry ×3 |
| 33:18 | Build | Lumber Camp |
| 34:28 | Research | Heavy Plow |
| 34:29 | Create | Villager (Male) |
| 34:30 | Create | Villager (Male) |
| 34:32 | Create | Villager (Male) |
| 34:37 | Build | Mill |
| 34:39 | Build | Farm |
| 34:39 | Build | Farm |
| 34:40 | Build | Farm |
| 34:40 | Build | Farm |
| 34:40 | Build | Farm |
| 34:40 | Build | Farm |
| 35:14 | Create | Scout Cavalry ×5 |
| 35:14 | Create | Scout Cavalry ×5 |
| 35:14 | Create | Scout Cavalry |
Build order — WarDaddddy
First 150 of 295 actions detected
| 0:01 | Create | Villager (Male) |
| 0:01 | Create | Villager (Male) |
| 0:02 | Create | Villager (Male) |
| 0:03 | Build | House |
| 0:05 | Build | House |
| 0:17 | Create | Villager (Male) |
| 0:17 | Create | Villager (Male) |
| 1:34 | Create | Villager (Male) |
| 1:34 | Create | Villager (Male) |
| 1:46 | Build | Lumber Camp |
| 2:17 | Create | Villager (Male) |
| 2:17 | Create | Villager (Male) |
| 2:17 | Create | Villager (Male) |
| 2:18 | Create | Villager (Male) |
| 2:49 | Create | Villager (Male) |
| 3:43 | Create | Villager (Male) |
| 3:43 | Create | Villager (Male) |
| 4:15 | Build | House |
| 4:27 | Build | Mill |
| 4:33 | Create | Villager (Male) |
| 4:34 | Create | Villager (Male) |
| 4:34 | Create | Villager (Male) |
| 4:53 | Create | Villager (Male) |
| 4:53 | Create | Villager (Male) |
| 5:22 | Create | Villager (Male) |
| 5:22 | Create | Villager (Male) |
| 5:41 | Create | Villager (Male) |
| 7:09 | Research | Feudal Age |
| 8:09 | Create | Villager (Male) |
| 8:09 | Research | Loom |
| 8:16 | Build | House |
| 8:18 | Build | Barracks |
| 9:19 | Age | Feudal Age |
| 9:47 | Build | Stable |
| 9:49 | Research | Double-Bit Axe |
| 10:05 | Create | Villager (Male) |
| 10:09 | Build | House |
| 10:13 | Build | House |
| 10:29 | Create | Scout Cavalry |
| 10:29 | Create | Scout Cavalry |
| 10:35 | Research | Horse Collar |
| 10:40 | Build | Farm |
| 10:43 | Build | Farm |
| 10:43 | Create | Villager (Male) |
| 10:44 | Create | Villager (Male) |
| 10:44 | Create | Villager (Male) |
| 10:49 | Build | House |
| 10:54 | Build | House |
| 11:11 | Create | Villager (Male) |
| 11:15 | Build | Farm |
| 11:24 | Build | House |
| 11:26 | Build | House |
| 11:36 | Create | Villager (Male) |
| 11:44 | Build | Farm |
| 11:50 | Build | House |
| 11:53 | Build | House |
| 12:20 | Create | Villager (Male) |
| 12:26 | Create | Villager (Male) |
| 12:29 | Build | House |
| 12:33 | Build | Farm |
| 12:38 | Build | Farm |
| 12:59 | Build | House |
| 13:01 | Build | House |
| 13:07 | Create | Villager (Male) |
| 13:29 | Create | Villager (Male) |
| 13:29 | Create | Villager (Male) |
| 13:33 | Build | Farm |
| 13:42 | Build | House |
| 13:45 | Build | House |
| 13:48 | Build | Farm |
| 13:51 | Build | Farm |
| 13:58 | Build | Farm |
| 14:24 | Build | Mining Camp |
| 14:31 | Create | Villager (Male) |
| 14:31 | Create | Villager (Male) |
| 14:31 | Create | Villager (Male) |
| 14:39 | Build | House |
| 14:45 | Build | Palisade Wall |
| 14:50 | Build | Palisade Gate |
| 15:08 | Create | Villager (Male) |
| 15:32 | Build | Archery Range |
| 16:05 | Create | Villager (Male) |
| 16:17 | Create | Villager (Male) |
| 16:21 | Build | Lumber Camp |
| 16:48 | Build | Archery Range |
| 17:00 | Research | Wheelbarrow |
| 17:02 | Create | Villager (Male) |
| 17:09 | Create | Archer |
| 17:09 | Create | Archer |
| 17:33 | Create | Archer |
| 17:42 | Create | Archer |
| 17:45 | Create | Archer |
| 18:20 | Research | Castle Age |
| 18:20 | Research | Castle Age |
| 18:21 | Create | Archer |
| 18:21 | Create | Archer |
| 18:30 | Build | Blacksmith |
| 18:38 | Build | Farm |
| 18:38 | Build | Farm |
| 18:42 | Build | Farm |
| 18:48 | Create | Archer |
| 19:00 | Research | Gold Mining |
| 19:07 | Create | Archer |
| 19:08 | Create | Archer |
| 19:18 | Create | Archer |
| 19:18 | Create | Archer |
| 19:27 | Research | Fletching |
| 20:01 | Create | Archer |
| 20:01 | Create | Archer |
| 20:22 | Create | Archer |
| 20:22 | Create | Archer |
| 20:57 | Create | Villager (Male) |
| 21:00 | Age | Castle Age |
| 21:02 | Build | University |
| 21:09 | Research | Bodkin Arrow |
| 21:14 | Research | Crossbowman (upgrade) |
| 21:31 | Create | Villager (Male) |
| 21:41 | Build | Farm |
| 21:41 | Build | Farm |
| 21:44 | Research | Ballistics |
| 21:52 | Create | Villager (Male) |
| 22:02 | Create | Villager (Male) |
| 22:02 | Create | Villager (Male) |
| 22:13 | Build | Town Center |
| 22:49 | Create | Villager (Male) |
| 22:49 | Create | Villager (Male) |
| 22:52 | Research | Bow Saw |
| 22:55 | Create | Villager (Male) |
| 23:13 | Create | Villager (Male) |
| 23:13 | Create | Villager (Male) |
| 23:18 | Build | Farm |
| 23:19 | Build | Farm |
| 23:48 | Create | Villager (Male) |
| 23:49 | Create | Archer |
| 24:02 | Create | Villager (Male) |
| 24:03 | Create | Villager (Male) |
| 24:10 | Build | Farm |
| 24:10 | Build | Farm |
| 24:13 | Build | Farm |
| 24:13 | Build | Farm |
| 24:16 | Build | Farm |
| 24:16 | Build | Farm |
| 24:45 | Create | Villager (Male) |
| 24:45 | Create | Villager (Male) |
| 24:45 | Create | Villager (Male) |
| 24:46 | Create | Villager (Male) |
| 24:54 | Build | Farm |
| 24:54 | Build | Farm |
| 25:34 | Build | Farm |
| 25:35 | Create | Villager (Male) |
Build order — AdaSan
First 150 of 215 actions detected
| 0:03 | Create | Villager (Male) |
| 0:03 | Create | Villager (Male) |
| 0:04 | Create | Villager (Male) |
| 0:09 | Build | House |
| 0:12 | Build | House |
| 0:16 | Create | Villager (Male) |
| 0:51 | Create | Villager (Male) |
| 1:51 | Create | Villager (Male) |
| 2:54 | Build | Lumber Camp |
| 2:58 | Create | Villager (Male) |
| 3:18 | Create | Villager (Male) |
| 3:32 | Create | Villager (Male) |
| 3:33 | Create | Villager (Male) |
| 4:04 | Create | Villager (Male) |
| 4:05 | Create | Villager (Male) |
| 4:23 | Create | Villager (Male) |
| 4:41 | Build | Mill |
| 5:06 | Research | Loom |
| 5:09 | Create | Villager (Male) |
| 5:09 | Create | Villager (Male) |
| 5:11 | Build | House |
| 5:14 | Build | House |
| 6:03 | Create | Villager (Male) |
| 6:49 | Create | Villager (Male) |
| 7:19 | Create | Villager (Male) |
| 7:23 | Create | Villager (Male) |
| 7:58 | Build | House |
| 8:26 | Build | Farm |
| 8:26 | Build | Farm |
| 8:26 | Build | Farm |
| 8:27 | Build | Farm |
| 8:27 | Build | Farm |
| 8:31 | Create | Villager (Male) |
| 8:32 | Create | Villager (Male) |
| 9:15 | Research | Feudal Age |
| 9:34 | Build | Mining Camp |
| 10:00 | Create | Villager (Male) |
| 10:18 | Build | Barracks |
| 11:04 | Create | Villager (Male) |
| 11:04 | Create | Villager (Male) |
| 11:22 | Age | Feudal Age |
| 11:49 | Create | Villager (Male) |
| 12:16 | Build | House |
| 12:34 | Create | Spearman |
| 12:35 | Create | Spearman |
| 12:36 | Create | Spearman |
| 13:20 | Build | Stable |
| 13:44 | Create | Spearman |
| 13:49 | Build | House |
| 13:55 | Build | House |
| 13:59 | Build | Palisade Wall |
| 14:02 | Build | Palisade Wall |
| 14:10 | Build | Farm |
| 14:11 | Build | Farm |
| 14:23 | Build | Farm |
| 14:23 | Build | Farm |
| 14:23 | Build | Farm |
| 14:28 | Create | Villager (Male) |
| 14:35 | Create | Villager (Male) |
| 14:37 | Build | Farm |
| 14:38 | Build | Farm |
| 14:50 | Create | Villager (Male) |
| 15:39 | Build | Blacksmith |
| 16:08 | Create | Villager (Male) |
| 16:19 | Research | Castle Age |
| 16:19 | Research | Castle Age |
| 16:55 | Create | Scout Cavalry |
| 17:00 | Create | Scout Cavalry |
| 17:08 | Research | Double-Bit Axe |
| 17:33 | Build | House |
| 17:39 | Research | Horse Collar |
| 18:11 | Build | House |
| 18:22 | Build | Farm |
| 18:22 | Build | Farm |
| 18:23 | Build | Farm |
| 18:23 | Build | Farm |
| 18:24 | Build | Farm |
| 18:56 | Age | Castle Age |
| 19:02 | Build | Town Center |
| 19:12 | Create | Villager (Male) |
| 19:24 | Build | Town Center |
| 19:33 | Create | Villager (Male) |
| 19:55 | Create | Villager (Male) |
| 19:56 | Create | Villager (Male) |
| 20:04 | Research | Heavy Plow |
| 20:08 | Research | Bow Saw |
| 20:43 | Build | Mining Camp |
| 20:59 | Create | Villager (Male) |
| 21:00 | Create | Villager (Male) |
| 21:01 | Create | Villager (Male) |
| 21:01 | Create | Villager (Male) |
| 21:03 | Create | Villager (Male) |
| 21:03 | Create | Villager (Male) |
| 21:03 | Create | Villager (Male) |
| 21:04 | Create | Villager (Male) |
| 21:04 | Create | Villager (Male) |
| 21:11 | Create | Villager (Male) |
| 21:48 | Create | Villager (Male) |
| 21:50 | Create | Villager (Male) |
| 21:50 | Create | Villager (Male) |
| 22:04 | Create | Villager (Male) |
| 22:14 | Build | Farm |
| 22:14 | Build | Farm |
| 22:14 | Build | Farm |
| 22:15 | Build | Farm |
| 22:26 | Create | Villager (Male) |
| 23:02 | Research | Light Cavalry (upgrade) |
| 23:15 | Build | Stable |
| 23:27 | Build | Stable |
| 23:38 | Build | Stable |
| 23:45 | Create | Villager (Male) |
| 23:52 | Create | Knight |
| 23:53 | Create | Knight |
| 24:01 | Create | Villager (Male) |
| 24:08 | Build | Farm |
| 24:09 | Build | Farm |
| 24:09 | Build | Farm |
| 24:09 | Build | Farm |
| 24:10 | Build | Farm |
| 24:10 | Build | Farm |
| 24:10 | Build | Farm |
| 24:10 | Build | Farm |
| 24:11 | Build | Farm |
| 24:11 | Build | Farm |
| 24:11 | Build | Farm |
| 24:20 | Create | Villager (Male) |
| 24:20 | Create | Villager (Male) |
| 24:37 | Create | Knight |
| 24:57 | Create | Knight |
| 25:23 | Create | Villager (Male) |
| 25:23 | Create | Villager (Male) |
| 25:36 | Create | Knight ×2 |
| 25:36 | Create | Knight ×2 |
| 25:59 | Research | Scale Barding Armor |
| 26:10 | Create | Villager (Male) |
| 26:56 | Research | Bloodlines |
| 26:57 | Create | Knight ×3 |
| 26:57 | Create | Knight ×3 |
| 27:05 | Build | Farm |
| 27:10 | Build | House |
| 27:30 | Build | Farm |
| 27:35 | Create | Knight |
| 27:35 | Create | Knight |
| 27:42 | Build | Farm |
| 27:43 | Build | Farm |
| 27:43 | Build | Farm |
| 27:59 | Build | Lumber Camp |
| 28:10 | Create | Knight |
| 28:10 | Create | Knight |
| 28:16 | Create | Villager (Male) |
Build order — Michael
First 150 of 280 actions detected
| 0:02 | Create | Villager (Male) |
| 0:02 | Create | Villager (Male) |
| 0:02 | Create | Villager (Male) |
| 0:02 | Create | Villager (Male) |
| 0:02 | Create | Villager (Male) |
| 0:07 | Build | House |
| 0:10 | Build | House |
| 1:50 | Create | Villager (Male) |
| 1:50 | Create | Villager (Male) |
| 2:16 | Create | Villager (Male) |
| 2:16 | Create | Villager (Male) |
| 2:30 | Create | Villager (Male) |
| 2:30 | Create | Villager (Male) |
| 2:48 | Build | Lumber Camp |
| 3:54 | Research | Loom |
| 4:41 | Create | Villager (Male) |
| 4:42 | Create | Villager (Male) |
| 4:42 | Create | Villager (Male) |
| 4:42 | Create | Villager (Male) |
| 4:42 | Create | Villager (Male) |
| 6:01 | Create | Villager (Male) |
| 6:01 | Create | Villager (Male) |
| 6:02 | Create | Villager (Male) |
| 6:02 | Create | Villager (Male) |
| 6:02 | Create | Villager (Male) |
| 6:13 | Build | Mill |
| 6:36 | Build | House |
| 6:45 | Build | House |
| 7:58 | Create | Villager (Male) |
| 7:59 | Create | Villager (Male) |
| 7:59 | Create | Villager (Male) |
| 7:59 | Create | Villager (Male) |
| 7:59 | Create | Villager (Male) |
| 8:25 | Create | Villager (Male) |
| 8:25 | Create | Villager (Male) |
| 8:25 | Create | Villager (Male) |
| 8:49 | Build | House |
| 8:55 | Build | House |
| 8:56 | Build | House |
| 9:13 | Build | House |
| 9:16 | Build | House |
| 9:20 | Build | House |
| 10:16 | Research | Feudal Age |
| 10:42 | Create | Villager (Male) |
| 11:09 | Build | Palisade Wall |
| 11:13 | Build | Palisade Wall |
| 11:53 | Build | Mining Camp |
| 12:21 | Build | Barracks |
| 12:28 | Build | Palisade Gate |
| 12:45 | Build | Palisade Wall |
| 13:38 | Age | Feudal Age |
| 13:45 | Create | Villager (Male) |
| 13:45 | Create | Villager (Male) |
| 14:02 | Build | Lumber Camp |
| 15:03 | Build | Palisade Wall |
| 15:14 | Build | House |
| 15:22 | Create | Villager (Male) |
| 15:22 | Create | Villager (Male) |
| 15:23 | Create | Villager (Male) |
| 15:32 | Build | Farm |
| 15:32 | Build | Farm |
| 15:34 | Build | Farm |
| 15:45 | Build | Farm |
| 15:45 | Build | Farm |
| 15:51 | Build | Farm |
| 15:52 | Build | Farm |
| 15:54 | Build | Farm |
| 15:59 | Build | Farm |
| 16:12 | Build | Market |
| 16:20 | Build | Blacksmith |
| 16:33 | Build | House |
| 16:34 | Build | House |
| 16:35 | Build | House |
| 16:37 | Build | House |
| 16:59 | Create | Villager (Male) |
| 16:59 | Create | Villager (Male) |
| 17:24 | Build | Farm |
| 17:24 | Build | Farm |
| 17:24 | Build | Farm |
| 17:32 | Build | Farm |
| 17:32 | Build | Farm |
| 17:32 | Build | Farm |
| 17:43 | Create | Villager (Male) |
| 17:43 | Create | Villager (Male) |
| 18:28 | Build | Farm |
| 18:28 | Build | Farm |
| 18:42 | Build | House |
| 18:43 | Build | House |
| 18:46 | Build | House |
| 18:51 | Create | Villager (Male) |
| 18:51 | Create | Villager (Male) |
| 19:02 | Research | Castle Age |
| 19:35 | Build | House |
| 19:36 | Build | House |
| 19:37 | Build | House |
| 19:38 | Build | House |
| 19:39 | Build | House |
| 19:40 | Build | House |
| 19:41 | Build | House |
| 19:57 | Build | Mining Camp |
| 20:02 | Research | Wheelbarrow |
| 20:03 | Research | Town Watch |
| 20:04 | Create | Villager (Male) |
| 20:04 | Create | Villager (Male) |
| 20:04 | Create | Villager (Male) |
| 20:20 | Research | Double-Bit Axe |
| 20:34 | Build | House |
| 20:45 | Research | Town Watch |
| 21:42 | Age | Castle Age |
| 21:46 | Build | Town Center |
| 22:06 | Build | Stable |
| 22:26 | Build | Gate |
| 22:34 | Create | Villager (Male) |
| 22:34 | Create | Villager (Male) |
| 22:57 | Create | Villager (Male) |
| 22:57 | Create | Villager (Male) |
| 22:57 | Create | Villager (Male) |
| 23:05 | Build | Farm |
| 23:06 | Build | Farm |
| 23:06 | Build | Farm |
| 23:26 | Build | Town Center |
| 23:34 | Create | Knight |
| 23:34 | Create | Knight |
| 23:35 | Create | Knight |
| 23:35 | Create | Knight |
| 23:40 | Research | Scale Barding Armor |
| 23:42 | Create | Villager (Male) |
| 23:43 | Create | Villager (Male) |
| 23:52 | Research | Bow Saw |
| 24:31 | Create | Villager (Male) |
| 24:31 | Create | Villager (Male) |
| 24:31 | Create | Villager (Male) |
| 24:41 | Research | Gold Mining |
| 24:53 | Build | Mill |
| 24:58 | Create | Villager (Male) |
| 24:58 | Create | Villager (Male) |
| 24:59 | Create | Villager (Male) |
| 24:59 | Create | Villager (Male) |
| 25:44 | Research | Gold Shaft Mining |
| 25:46 | Create | Villager (Male) |
| 25:46 | Create | Villager (Male) |
| 25:46 | Create | Villager (Male) |
| 25:46 | Create | Villager (Male) |
| 25:47 | Create | Villager (Male) |
| 25:47 | Create | Villager (Male) |
| 26:24 | Create | Villager (Male) |
| 26:24 | Create | Villager (Male) |
| 26:24 | Create | Villager (Male) |
| 26:24 | Create | Villager (Male) |
| 26:24 | Create | Villager (Male) |
Build order — Pedro Castillo
First 150 of 229 actions detected
| 0:03 | Create | Villager (Male) |
| 0:03 | Create | Villager (Male) |
| 0:03 | Create | Villager (Male) |
| 0:04 | Create | Villager (Male) |
| 0:04 | Create | Villager (Male) |
| 0:08 | Build | House |
| 0:08 | Build | House |
| 0:09 | Build | House |
| 0:10 | Build | House |
| 1:39 | Research | Loom |
| 2:11 | Create | Villager (Male) |
| 2:11 | Create | Villager (Male) |
| 2:38 | Create | Villager (Male) |
| 3:20 | Create | Villager (Male) |
| 3:20 | Create | Villager (Male) |
| 4:01 | Create | Villager (Male) |
| 4:01 | Create | Villager (Male) |
| 4:01 | Create | Villager (Male) |
| 4:01 | Create | Villager (Male) |
| 4:21 | Build | Palisade Wall |
| 4:39 | Create | Villager (Male) |
| 4:40 | Create | Villager (Male) |
| 4:45 | Create | Villager (Male) |
| 5:21 | Create | Villager (Male) |
| 5:21 | Create | Villager (Male) |
| 5:22 | Create | Villager (Male) |
| 5:43 | Create | Villager (Male) |
| 5:43 | Create | Villager (Male) |
| 6:31 | Create | Villager (Male) |
| 6:36 | Create | Villager (Male) |
| 6:36 | Create | Villager (Male) |
| 7:14 | Build | Palisade Wall |
| 7:24 | Create | Villager (Male) |
| 7:24 | Create | Villager (Male) |
| 7:31 | Build | Settlement |
| 8:10 | Build | Palisade Wall |
| 8:18 | Create | Villager (Male) |
| 8:19 | Create | Villager (Male) |
| 8:35 | Create | Villager (Male) |
| 9:01 | Build | Palisade Wall |
| 9:06 | Create | Villager (Male) |
| 9:16 | Create | Villager (Male) |
| 10:21 | Research | Feudal Age |
| 10:22 | Research | Feudal Age |
| 10:29 | Build | Farm |
| 10:30 | Build | Farm |
| 10:31 | Build | Farm |
| 10:31 | Build | Farm |
| 10:32 | Build | Farm |
| 10:33 | Build | Farm |
| 11:29 | Build | Farm |
| 11:29 | Build | Farm |
| 11:49 | Build | Settlement |
| 11:58 | Build | Palisade Wall |
| 12:13 | Create | Villager (Male) |
| 12:31 | Age | Feudal Age |
| 12:38 | Research | Wheelbarrow |
| 12:55 | Build | Stone Wall |
| 13:03 | Create | Villager (Male) |
| 13:07 | Create | Villager (Male) |
| 13:19 | Research | Horse Collar |
| 13:33 | Create | Villager (Male) |
| 14:04 | Build | Farm |
| 14:04 | Build | Farm |
| 14:05 | Build | Farm |
| 14:06 | Build | Farm |
| 14:28 | Create | Villager (Male) |
| 14:49 | Create | Villager (Male) |
| 15:16 | Build | Stone Wall |
| 15:25 | Build | Stone Wall |
| 15:33 | Create | Villager (Male) |
| 15:55 | Create | Villager (Male) |
| 16:05 | Research | Double-Bit Axe |
| 16:06 | Research | Gold Mining |
| 16:11 | Research | Gold Mining |
| 16:28 | Create | Villager (Male) |
| 16:30 | Create | Villager (Male) |
| 16:31 | Research | Town Watch |
| 16:56 | Build | Stone Wall |
| 17:38 | Create | Villager (Male) |
| 17:43 | Research | Stone Mining |
| 17:51 | Build | Blacksmith |
| 18:16 | Create | Villager (Male) |
| 18:48 | Create | Villager (Male) |
| 19:36 | Create | Villager (Male) |
| 19:37 | Create | Villager (Male) |
| 19:40 | Create | Villager (Male) |
| 19:51 | Build | Market |
| 20:06 | Create | Villager (Male) |
| 20:19 | Create | Villager (Male) |
| 20:57 | Research | Castle Age |
| 21:48 | Build | Outpost |
| 21:50 | Build | Outpost |
| 21:51 | Build | Outpost |
| 23:56 | Age | Castle Age |
| 24:06 | Build | Town Center |
| 24:17 | Build | Monastery |
| 24:21 | Research | Heavy Plow |
| 24:24 | Research | Hand Cart |
| 24:30 | Research | Bow Saw |
| 24:36 | Create | Villager (Male) |
| 24:37 | Create | Villager (Male) |
| 24:45 | Build | University |
| 25:14 | Build | Barracks |
| 25:15 | Build | Barracks |
| 25:22 | Create | Monk |
| 25:33 | Create | Villager (Male) |
| 25:34 | Create | Villager (Male) |
| 25:34 | Create | Villager (Male) |
| 25:34 | Create | Villager (Male) |
| 25:42 | Build | Farm |
| 25:43 | Build | Farm |
| 25:47 | Build | Farm |
| 26:13 | Create | Villager (Male) |
| 26:17 | Research | Fortified Wall (upgrade) |
| 26:37 | Create | Villager (Male) |
| 26:39 | Create | Villager (Male) |
| 26:39 | Create | Villager (Male) |
| 26:40 | Create | Villager (Male) |
| 26:59 | Research | Pikeman (upgrade) |
| 26:59 | Research | Squires |
| 27:11 | Create | Villager (Male) |
| 27:13 | Create | Villager (Male) |
| 27:18 | Build | Farm |
| 27:19 | Build | Farm |
| 27:19 | Build | Farm |
| 27:20 | Build | Farm |
| 27:26 | Create | Villager (Male) |
| 27:30 | Create | Villager (Male) |
| 27:40 | Build | Farm |
| 27:41 | Build | Farm |
| 27:41 | Build | Farm |
| 28:06 | Research | Masonry |
| 28:12 | Create | Spearman |
| 28:12 | Create | Spearman |
| 28:13 | Create | Spearman |
| 28:20 | Create | Villager (Male) |
| 28:20 | Create | Villager (Male) |
| 28:21 | Create | Villager (Male) |
| 28:32 | Build | House |
| 28:34 | Build | House |
| 28:36 | Build | House |
| 28:37 | Build | House |
| 28:37 | Build | House |
| 28:38 | Build | House |
| 28:40 | Build | House |
| 28:49 | Create | Villager (Male) |
| 28:51 | Create | Villager (Male) |
| 28:58 | Create | Spearman |
| 28:58 | Create | Spearman |
Match timeline
| 4:21 | Pedro Castillo · wall_segment Palisade Wall x16 |
| 7:14 | Pedro Castillo · wall_segment Palisade Wall x9 |
| 8:10 | Pedro Castillo · wall_segment Palisade Wall x1 |
| 8:18 | WarDaddddy · first_building Barracks |
| 9:01 | Pedro Castillo · wall_segment Palisade Wall x21 |
| 9:19 | WarDaddddy · age_up feudal |
| 9:47 | WarDaddddy · first_building Stable |
| 10:18 | AdaSan · first_building Barracks |
| 11:09 | Michael · wall_segment Palisade Wall x20 |
| 11:11 | Tatsuya · first_building Barracks |
| 11:13 | Michael · wall_segment Palisade Wall x5 |
| 11:22 | AdaSan · age_up feudal |
| 11:51 | and his daughter · first_building Barracks |
| 11:58 | Pedro Castillo · wall_segment Palisade Wall x1 |
| 12:21 | Michael · first_building Barracks |
| 12:31 | Pedro Castillo · age_up feudal |
| 12:45 | Tatsuya · age_up feudal |
| 12:45 | and his daughter · age_up feudal |
| 12:45 | Michael · wall_segment Palisade Wall x14 |
| 12:55 | Pedro Castillo · wall_segment Stone Wall x17 |
| 12:57 | and his daughter · first_building Stable |
| 13:20 | AdaSan · first_building Stable |
| 13:38 | Michael · age_up feudal |
| 13:59 | AdaSan · wall_segment Palisade Wall x1 |
| 14:02 | AdaSan · wall_segment Palisade Wall x1 |
| 14:11 | Tatsuya · first_building Stable |
| 14:45 | WarDaddddy · wall_segment Palisade Wall x3 |
| 15:03 | Michael · wall_segment Palisade Wall x24 |
| 15:16 | Pedro Castillo · wall_segment Stone Wall x7 |
| 15:25 | Pedro Castillo · wall_segment Stone Wall x4 |
| 15:32 | WarDaddddy · first_building Archery Range |
| 16:56 | Pedro Castillo · wall_segment Stone Wall x21 |
| 17:09 | Tatsuya · wall_segment Stone Wall x15 |
| 18:56 | AdaSan · age_up castle |
| 18:59 | Michael · first_market_buy 100 food |
| 20:28 | Tatsuya · wall_segment Stone Wall x17 |
| 21:00 | WarDaddddy · age_up castle |
| 21:42 | Michael · age_up castle |
| 22:06 | Michael · first_building Stable |
| 23:56 | Pedro Castillo · age_up castle |
| 24:17 | Pedro Castillo · first_building Monastery |
| 25:14 | Pedro Castillo · first_building Barracks |
| 26:04 | and his daughter · age_up castle |
| 26:29 | and his daughter · first_building Monastery |
| 26:43 | Tatsuya · wall_segment Stone Wall x1 |
| 28:36 | Michael · first_building Castle |
| 29:10 | WarDaddddy · first_building Monastery |
| 29:24 | Pedro Castillo · first_building Archery Range |
| 29:51 | Tatsuya · wall_segment Stone Wall x20 |
| 31:01 | Tatsuya · age_up castle |
| 31:25 | Pedro Castillo · first_building Castle |
| 32:02 | WarDaddddy · first_building Castle |
| 32:19 | AdaSan · first_building Castle |
| 32:51 | Michael · first_market_sell 100 wood |
| 32:58 | WarDaddddy · age_up imperial |
| 34:00 | WarDaddddy · first_market_sell 100 food |
| 36:26 | Michael · age_up imperial |
| 36:49 | Tatsuya · resign |
[ AI ANALYSIS · 1 CREDIT ]
What really happened in this match?
Wolo.gg analyzes every decision: build order, eco, micro, common mistakes by bracket. Personalized analysis on WhatsApp or Discord in 30 seconds.
Civ guide
Hindustanis
Map guide
Fortified Clearing
Perfil
and his daughter